 Dungeon Crawl Stone Soup version 0.25-a0-663-gace7076f2c (webtiles) character file.

Game seed: 11938012920122277041, levelgen mode: deterministic

2879 kae the Cleaver (level 9, -2/83 HPs)
             Began as a Hill Orc Fighter on Mar 24, 2020.
             Was an Initiate of Qazlal.
             Slain by an orc warrior
             ... wielding a +0 war axe
              (18 damage)
             ... on level 9 of the Dungeon.
             The game lasted 00:07:40 (7081 turns).

kae the Cleaver (Hill Orc Fighter)                  Turns: 7081, Time: 00:07:40

Health: -2/83      AC:  7    Str: 22    XL:     9   Next: 76%
Magic:  0/13       EV:  9    Int:  8    God:    Qazlal [......]
Gold:   207        SH:  0    Dex: 10    Spells: 8/8 levels left

rFire    . . .     SeeInvis +   s - +2 battleaxe
rCold    . . .     Gourm    .   (shield currently unavailable)
rNeg     . . .     Faith    .   b - +1 scale mail
rPois    .         Spirit   +   (no helmet)
rElec    .         Reflect  .   (no cloak)
rCorr    .         Harm     .   (no gloves)
MR       .....                  (no boots)
Stlth    +.........             i - amulet of guardian spirit
HPRegen  0.23/turn              m - ring of stealth
MPRegen  0.13/turn              p - ring of see invisible

@: slowed, very slow
A: no striking features
a: Renounce Religion


You were on level 9 of the Dungeon.
You worshipped Qazlal.
Qazlal was noncommittal.
You were very hungry.

You visited 2 branches of the dungeon, and saw 8 of its levels.

You collected 207 gold pieces.

Inventory:

Hand Weapons
 a - a +1 war axe
 j - a +1 scimitar of flaming
 s - a +2 battleaxe (weapon)
Armour
 b - a +1 scale mail (worn)
 c - a +0 kite shield
Jewellery
 i - an amulet of guardian spirit (around neck)
 m - a ring of stealth (left hand)
 o - a +4 ring of intelligence
 p - a ring of see invisible (right hand)
 u - a cursed ring of attention {unknown}
Scrolls
 d - a scroll of amnesia
 e - 3 scrolls of teleportation
 g - 3 scrolls of remove curse
 h - a scroll of magic mapping
 r - a scroll of fog
Potions
 k - a potion of curing
 l - 2 potions of stabbing {unknown}
 n - 4 potions of brilliance {unknown}
 q - 2 potions of ambrosia {unknown}
 t - 2 potions of flight {unknown}
 v - a potion of mutation {unknown}
 w - 2 potions of might
Comestibles
 f - 21 rations


   Skills:
 + Level 9.1 Fighting
 * Level 12.7 Axes
 - Level 3.2 Armour
 - Level 3.2 Shields
 + Level 6.6 Invocations


You had 8 spell levels left.
You didn't know any spells.
Your spell library contained the following spells:

 Spells                   Type           Power        Failure   Level  Hunger
 Confusing Touch          Hex            #.......     98%         3    ####...
 Gell's Gravitas          Tloc           #.........   98%         3    ####...
 Petrify                  Tmut/Erth      #.......     100%        4    #####..
 Metabolic Englaciation   Hex/Ice        #.........   100%        5    ######.
 Yara's Violent Unravell  Hex/Tmut       #.........   100%        5    ######.


Dungeon Overview and Level Annotations

Branches:
Dungeon (6/15)             Temple (1/1) D:4

Altars:
Ashenzari
Cheibriados
Elyvilon
Gozag
Hepliaklqana
Kikubaaqudgha
Makhleb
Qazlal
Sif Muna
Trog
Uskayaw
Vehumet
Wu Jian
Xom
Yredelemnul
Zin
The Shining One

Annotations:
D:2 1 runed translucent door, Crazy Yiuf


Message History

You barely miss the orc warrior.
The orc warrior is heavily wounded.
The orc wizard gestures at you while chanting.
The magic dart hits you.
* * * LOW HITPOINT WARNING * * *
The orc warrior hits you with a +0 war axe!
* * * LOW HITPOINT WARNING * * *
You feel better. The orc warrior barely misses you.
The orc warrior hits you with a +0 war axe!
* * * LOW HITPOINT WARNING * * *
You feel better.
The orc wizard mumbles some strange words.
The orc wizard blinks!
The orc warrior hits you with a +0 war axe!
* * * LOW HITPOINT WARNING * * *
You feel better. The orc warrior barely misses you.
The orc wizard hits you but does no damage.
You feel better. The orc wizard closely misses you.
The orc warrior hits you with a +0 war axe!!
You die...

#.####....######...#.......
#..#......#........'.......
#..#......#........#.......
#..#......#........#.......
#..#.)....##########.......
#................. #.......
#................. #######'
#######..........o...... #.......
................@o...... #.......
.................[...... #..)<...
.#########################...####
.#........#........#.....#...#...
.'........#........'.........#...
.#........#........#.........#...
.#........#........#.........#..<
.##########.^.############...####
..........[...#...#......#...#...


You could see an orc warrior and an orc wizard.

Vanquished Creatures
  Erica (D:9)
  Maggie (D:6)
  Sigmund (D:3)
  A phantom (D:6)
  A black bear (D:6)
  An orc warrior (D:6)
  2 ogres
  A big kobold (D:5)
  3 scorpions (D:6)
  6 wights (D:6)
  2 howler monkeys
  3 crimson imps
  5 hounds
  4 orc wizards
  A bullfrog skeleton (D:6)
  Terence (D:2)
  2 orc priests
  Jessica (D:3)
  Natasha (thrice) (D:2)
  A worker ant (D:9)
  An iguana (D:4)
  6 adders
  A gnoll (D:1)
  An ooze (D:2)
  4 worms
  A dart slug (D:1)
  2 leopard geckos
  18 orcs
  7 bats
  9 giant cockroaches
  8 goblins
  7 hobgoblins
  7 jackals
  6 quokkas
  4 frilled lizards
  14 kobolds
  5 rats
142 creatures vanquished.

Vanquished Creatures (others)
  An adder (D:9)
  2 orcs (D:6)
3 creatures vanquished.

Grand Total: 145 creatures vanquished

Notes
Turn   | Place    | Note
-------+----------+-------------------------------------------
     0 | D:1      | kae the Hill Orc Fighter began the quest for the Orb.
     0 | D:1      | Reached XP level 1. HP: 19/19 MP: 1/1
    48 | D:1      | Reached skill level 3 in Axes
    59 | D:1      | Reached XP level 2. HP: 24/27 MP: 2/2
   357 | D:1      | You fall into a shaft and drop 1 floor!
   357 | D:2      | Noticed Terence
   370 | D:2      | Killed Terence
   370 | D:2      | Reached skill level 4 in Axes
   370 | D:2      | Reached XP level 3. HP: 32/33 MP: 3/3
   466 | D:1      | Reached XP level 4. HP: 23/41 MP: 4/4
   856 | D:2      | Reached skill level 5 in Axes
   857 | D:2      | Noticed Natasha
   869 | D:2      | Killed Natasha
  1222 | D:2      | Reached XP level 5. HP: 33/47 MP: 5/5
  1357 | D:2      | Found an ornate altar of the Wu Jian Council.
  1399 | D:2      | Noticed Natasha
  1406 | D:2      | Killed Natasha
  1438 | D:2      | Noticed an ogre
  1443 | D:2      | Reached skill level 6 in Axes
  1445 | D:2      | Reached skill level 5 in Fighting
  1448 | D:2      | Killed an ogre
  1448 | D:2      | Reached XP level 6. HP: 54/56 MP: 6/6
  1564 | D:2      | Found a runed translucent door.
  1565 | D:2      | Noticed Crazy Yiuf
  1695 | D:2      | Found an ornate altar of the Wu Jian Council.
  1702 | D:2      | Noticed Natasha
  1715 | D:2      | Killed Natasha
  1715 | D:2      | Reached skill level 7 in Axes
  2647 | D:3      | Noticed Sigmund
  3182 | D:3      | Noticed Jessica
  3185 | D:3      | Killed Jessica
  3529 | D:3      | Killed Sigmund
  3529 | D:3      | Reached skill level 8 in Axes
  3529 | D:3      | Reached XP level 7. HP: 35/63 MP: 3/7
  3736 | D:4      | Found a radiant altar of Vehumet.
  3912 | D:4      | Found a staircase to the Ecumenical Temple.
  3928 | Temple   | Entered the Ecumenical Temple
  3998 | Temple   | Became a worshipper of Qazlal Stormbringer
  4487 | D:5      | Entered Level 5 of the Dungeon
  4492 | D:5      | Reached skill level 9 in Axes
  4502 | D:5      | Reached skill level 1 in Invocations
  4568 | D:5      | Reached XP level 8. HP: 66/71 MP: 7/9
  4633 | D:5      | Found an ancient bone altar of Kikubaaqudgha.
  4680 | D:5      | Found a hide-covered altar of Uskayaw.
  5160 | D:6      | Reached skill level 10 in Axes
  5657 | D:6      | Noticed Maggie
  5691 | D:6      | Killed Maggie
  5691 | D:6      | Reached skill level 11 in Axes
  6070 | D:6      | Reached XP level 9. HP: 76/81 MP: 10/12
  6137 | D:6      | Reached skill level 5 in Invocations
  6237 | D:6      | Found a burning altar of Makhleb.
  6459 | D:6      | You fall into a shaft and drop 3 floors!
  6605 | D:9      | Noticed Erica
  6636 | D:9      | Killed Erica
  6636 | D:9      | Reached skill level 12 in Axes
  7077 | D:9      | HP: 3/83 [orc warrior/+0 war axe (10)]
  7081 | D:9      | Slain by an orc warrior

Levels and vault maps discovered:
D:1:      ncdulo_wetmaze, layout_basic, minivault_4
D:2:      layout_rooms, lemuel_doored_altar, kennysheep_generic_room_7,
          uniq_crazy_yiuf_cottage, uniq_natasha, uniq_terence
D:3:      layout_basic, uniq_jessica, uniq_sigmund
D:4:      layout_basic, vehumet_crystals, minmay_temple_entry_arrows,
          first_ration
D:5:      layout_cave_pools, nicolae_overflow_crystal_walls,
          eat_drink_and_be_merry_uskayaw
D:6:      layout_basic, marbit_many_paths, fedhas_altar_fruit_tree, uniq_maggie
D:9:      layout_grid_maze, special_room [special_room_bee], billiards_dpeg,
          uniq_erica, uniq_psyche
Temple:   nicolae_temple_x_marks_the_god

Skill      XL: |  1  2  3  4  5  6  7  8  9 |
---------------+----------------------------+-----
Axes           | 3 4 5 6 8 9 11 12 | 12.7
Fighting       | 4 5 6 8 9 |  9.1
Invocations    | 2 4 6 |  6.6
Armour         | |  3.2
Shields        | |  3.2

Action                   |  1- 3 |  4- 6 |  7- 9 || total
-------------------------+-------+-------+-------++-------
Melee: War axe           |    71 |   235 |   160 ||   466
       Battleaxe         |       |       |    88 ||    88
  Use: Potion            |       |     1 |    10 ||    11
       Scroll            |       |     8 |     3 ||    11
 Stab: Invisible         |       |       |     9 ||     9
  Eat: Chunk             |       |     9 |    10 ||    19
Armor: Scale mail        |    43 |    91 |    85 ||   219
Dodge: Dodged            |    23 |    61 |    97 ||   181
Block: Kite shield       |    45 |   117 |    61 ||   223

Table legend:
 A = Non-vault XP
 B = Vault XP
 C = Vault XP percentage of total XP
 D = Non-vault monster count
 E = Vault monster count
 F = Vault count percentage of total count
                 A         B        C        D         E       F
            +---------+---------+-------+---------+---------+-------
      Total |    2152 |    1961 |  47.7 |     134 |      11 |   7.6
            +---------+---------+-------+---------+---------+-------
        D:1 |      43 |       0 |   0.0 |      19 |       0 |   0.0
        D:2 |     138 |     202 |  59.4 |      24 |       5 |  17.2
        D:3 |     133 |     245 |  64.8 |      37 |       2 |   5.1
        D:4 |     159 |       0 |   0.0 |       9 |       0 |   0.0
        D:5 |     337 |       0 |   0.0 |      15 |       0 |   0.0
        D:6 |    1157 |     455 |  28.2 |      23 |       2 |   8.0
        D:9 |     185 |    1059 |  85.1 |       7 |       2 |  22.2
            +---------+---------+-------+---------+---------+-------
